 Dungeon Crawl Stone Soup version 0.24-a0-479-g9a978d2894 (webtiles) character file.

Game seed: 8164230505809187085

58 Gynju the Magician (level 3, -1/26 HPs)
             Began as a Demonspawn Wizard on July 7, 2019.
             Slain by an ogre
             ... wielding a +0 giant club
              (8 damage)
             ... on level 3 of the Dungeon.
             The game lasted 00:04:48 (2084 turns).

Gynju the Magician (Demonspawn Wizard)              Turns: 2084, Time: 00:04:48

Health: -1/26      AC: 12    Str:  7    XL:     3   Next: 76%
Magic:  4/7        EV: 10    Int: 20    God:
Gold:   112        SH:  0    Dex: 11    Spells: 7/8 levels left

rFire    . . .     SeeInvis .   c - +0 whip
rCold    . . .     Gourm    .   (no shield)
rNeg     . . .     Faith    .   l - +0 ring mail (curse)
rPois    .         Spirit   .   b - +0 hat
rElec    .         Reflect  .   (no cloak)
rCorr    .         Harm     .   n - +0 pair of gloves
MR       .....                  (no boots)
Stlth    +.........             (no amulet)
HPRegen  0.08/turn              i - ring of wizardry
MPRegen  0.10/turn              (no ring)

@: sanguine armour, very slightly contaminated
A: spiny 1, sanguine armour 1
a: no special abilities


You were on level 3 of the Dungeon.
You were not hungry.

You visited 1 branch of the dungeon, and saw 3 of its levels.

You collected 112 gold pieces.

Inventory:

Hand Weapons
 c - a +0 whip (weapon)
Missiles
 e - 37 poisoned darts (quivered)
Armour
 a - a +0 robe
 b - a +0 hat (worn)
 l - a cursed +0 ring mail (worn)
 n - a +0 pair of gloves (worn)
Jewellery
 i - a ring of wizardry (left hand)
Scrolls
 g - a scroll of teleportation
 j - 3 scrolls of identify
 m - a scroll of fear {unknown}
Potions
 f - a potion of lignification
 h - a potion of mutation {unknown}
 k - a potion of heal wounds {unknown}
Comestibles
 d - 4 rations
 o - a chunk of flesh


   Skills:
 + Level 1.1 Fighting
 + Level 0.1 Maces & Flails
 + Level 0.2 Armour
 + Level 2.2 Dodging
 + Level 2.3 Stealth
 + Level 3.3 Spellcasting
 + Level 1.8 Conjurations
   Level 1.0 Summonings
   Level 0.8 Translocations


You had 7 spell levels left.
You knew the following spells:

 Your Spells              Type           Power        Failure   Level  Hunger
a - Magic Dart            Conj           ##..         10%         1    None

Your spell library contained the following spells:

 Spells                   Type           Power        Failure   Level  Hunger
 Call Imp                 Summ           #.......     19%         2    ##.....
 Blink                    Tloc           N/A          21%         2    ##.....
 Slow                     Hex            #.......     28%         2    ##.....
 Conjure Flame            Conj/Fire      #.......     38%         3    ###....
 Mephitic Cloud           Conj/Pois/Air  #.......     41%         3    ###....


Dungeon Overview and Level Annotations

Branches:
Dungeon (3/15)

Altars:
Qazlal
Vehumet


Innate Abilities, Weirdness & Mutations

You are partially covered in sharp spines.
When seriously injured, your bleeding wounds create armour. (AC +6)


Message History

The ogre is moderately wounded.
The bat hits you but does no damage.
You hit the ogre.
The ogre is heavily wounded.
The bat hits you but does no damage. The bat is struck by your spines.
You kill the bat!
The ogre is struck by your spines. The ogre hits you with a +0 giant club!
Ouch! That really hurt!
Your blood congeals into armour.
You hit the ogre.
The ogre is severely wounded.
The ogre is struck by your spines. The ogre hits you with a +0 giant club.
* * * LOW HITPOINT WARNING * * *
You closely miss the ogre.
The ogre is severely wounded.
The ogre misses you.
You hit the ogre.
The ogre is almost dead.
The ogre hits you with a +0 giant club!
You die...

### ... ##
#.####.
#.....
#....#
####@#
#...O#
#<#........
#.####.###.
... ...
##.>. ###
..### ###


You could see an ogre.

Vanquished Creatures
  2 adders (D:2)
  3 dart slugs
  A ball python (D:1)
  5 giant cockroaches
  6 goblins
  3 hobgoblins
  2 quokkas (D:2)
  3 bats
  3 frilled lizards (D:2)
  3 kobolds (D:2)
  4 rats
35 creatures vanquished.

Notes
Turn   | Place    | Note
-------+----------+-------------------------------------------
     0 | D:1      | Gynju the Demonspawn Wizard began the quest for the Orb.
     0 | D:1      | Reached XP level 1. HP: 13/13 MP: 4/4
   564 | D:1      | Gained mutation: You are partially covered in sharp spines.
                  | [demonic ancestry]
   564 | D:1      | Reached XP level 2. HP: 8/20 MP: 6/6
  1255 | D:2      | Found a stormy altar of Qazlal.
  1255 | D:2      | Noticed an air elemental
  1258 | D:2      | Noticed a water elemental
  1258 | D:2      | Noticed an earth elemental
  1258 | D:2      | Noticed a fire elemental
  1309 | D:2      | Reached skill level 1 in Fighting
  1309 | D:2      | Gained mutation: When seriously injured, your bleeding
                  | wounds create armour. (AC +6) [demonic ancestry]
  1309 | D:2      | Reached XP level 3. HP: 15/26 MP: 7/7
  1450 | D:2      | Found a radiant altar of Vehumet.
  2075 | D:3      | Noticed an ogre
  2084 | D:3      | Slain by an ogre

Levels and vault maps discovered:
D:1:      lemuel_arrival_room, layout_basic
D:2:      layout_loops_ring, nicolae_qazlal_style_of_elements,
          lemuel_crystal_altar, first_ration, serial_bayou_ford_a,
          minmay_misc_feat_hallway
D:3:      layout_loops_ring, fedhas_altar_2

Skill      XL: |  1  2 |
---------------+-------+-----
Dodging        | 2 |  2.2
Stealth        | 2 |  2.3
Fighting       | 1 |  1.1
Maces & Flails | |  0.1
Armour         | |  0.2
Spellcasting   | |  3.3
Conjurations   | |  1.8
Summonings     | |  1.0
Translocations | |  0.8

Action                   || total
-------------------------++-------
Melee: Whip              ||   109
 Cast: Magic Dart        ||     9
  Use: Scroll            ||     4
  Eat: Chunk             ||     4
Armor: Robe              ||     5
       Ring mail         ||    41
Dodge: Dodged            ||    59

Table legend:
 A = Non-vault XP
 B = Vault XP
 C = Vault XP percentage of total XP
 D = Non-vault monster count
 E = Vault monster count
 F = Vault count percentage of total count
                 A         B        C        D         E       F
            +---------+---------+-------+---------+---------+-------
      Total |      84 |       0 |   0.0 |      35 |       0 |   0.0
            +---------+---------+-------+---------+---------+-------
        D:1 |      16 |       0 |   0.0 |       8 |       0 |   0.0
        D:2 |      67 |       0 |   0.0 |      26 |       0 |   0.0
        D:3 |       1 |       0 |   0.0 |       1 |       0 |   0.0
            +---------+---------+-------+---------+---------+-------
